 Dungeon Crawl Stone Soup version 0.26.1-2-gb8aa6d0cf2 (webtiles) character file.

Game seed: 2208202358035029948

2049 hawla the Thaumaturge (level 9, -12/45 HPs)
             Began as a Deep Elf Conjurer on Feb 12, 2021.
             Was a Follower of Vehumet.
             Mangled by a hornet (14 damage)
             ... on level 7 of the Dungeon on Feb 13, 2021.
             The game lasted 00:20:40 (8903 turns).

hawla the Thaumaturge (Deep Elf Conjurer)           Turns: 8903, Time: 00:20:41

Health: -12/45     AC:  6    Str: 10      XL:     9   Next: 4%
Magic:  19/23      EV: 13    Int: 26 (27) God:    Vehumet [*.....]
Gold:   360        SH:  0    Dex: 13      Spells: 18/25 levels left

rFire    . . .     SeeInvis .   y - +3 quarterstaff (spect)
rCold    + . .     Faith    .   (shield currently unavailable)
rNeg     . . .     Spirit   .   a - +0 robe
rPois    .         Reflect  .   (helmet restricted)
rElec    .         Harm     .   m - +2 cloak
rCorr    .         Rampage  .   (no gloves)
Will     .....     Rnd*Rage +   j - +0 pair of boots
Stlth    ++........             (no amulet)
HPRegen  0.15/turn              f - +6 ring of strength
MPRegen  0.18/turn              c - ring of protection from cold

@: lethally poisoned (-12 -> -18), slowed, very slow
A: antennae 1, berserk 1, deterioration 1
a: Renounce Religion


You were on level 7 of the Dungeon.
You worshipped Vehumet.
Vehumet was aware of your devotion.
You visited 2 branches of the dungeon, and saw 9 of its levels.

You collected 464 gold pieces.
You spent 104 gold pieces at shops.

Inventory:

Hand Weapons
 n - a +0 whip of freezing
 y - a +3 spectral quarterstaff (weapon)
Missiles
 l - 22 poisoned darts
 u - 7 boomerangs of dispersal
 x - 7 silver javelins
Armour
 a - a +0 robe (worn)
 j - a +0 pair of boots (worn)
 m - a +2 cloak (worn)
Jewellery
 c - a ring of protection from cold (right hand)
 f - a +6 ring of strength (left hand)
 g - an uncursed amulet of guardian spirit
 t - an uncursed amulet of faith
Wands
 i - a wand of acid (11)
 q - a wand of paralysis (3)
 w - a wand of random effects (14)
Scrolls
 e - 2 scrolls of amnesia
 k - 6 scrolls of teleportation
Potions
 b - 3 potions of ambrosia
 h - 3 potions of haste
 o - 2 potions of brilliance
 r - 2 potions of heal wounds
 s - 3 potions of curing
 v - 2 potions of flight {unknown}


   Skills:
 - Level 0.1 Fighting
 - Level 2.0 Staves
 - Level 0.1 Throwing
 - Level 2.4 Dodging
 - Level 2.4 Stealth
 - Level 0.1 Shields
 + Level 8.8 Spellcasting
 + Level 8.6 Conjurations
 - Level 3.3 Translocations
 + Level 6.5 Fire Magic
 - Level 0.1 Evocations


You had 18 spell levels left.
You knew the following spells:

 Your Spells              Type           Power        Failure   Level
a - Magic Dart            Conj           100%         1%          1
b - Searing Ray           Conj           100%         1%          2
c - Iskenderun's Mystic   Conj/Tloc      42%          4%          4

Your spell library contained the following spells:

 Spells                   Type           Power        Failure   Level
 Foxfire                  Conj/Fire      100%         1%          1
 Dazzling Flash           Conj/Hex       66%          2%          3
 Gell's Gravitas          Tloc           14%          3%          3
 Fulminant Prism          Conj/Hex       16%          9%          4
 Confusing Touch          Hex            11%          16%         3
 Petrify                  Tmut/Erth      11%          45%         4
 Metabolic Englaciation   Hex/Ice        5%           82%         5
 Yara's Violent Unravell  Hex/Tmut       5%           82%         5


Dungeon Overview and Level Annotations

Branches:
Dungeon (8/15)             Temple (1/1) D:4
   Lair: D:8-11

Altars:
Ashenzari
Dithmenos
Elyvilon
Fedhas
Gozag
Hepliaklqana
Makhleb
Nemelex Xobeh
Okawaru
Qazlal
Ru
Sif Muna
Uskayaw
Vehumet
Wu Jian
Xom
Yredelemnul
Zin
The Shining One

Shops:
D:4 ?

Annotations:
D:2 dig around
D:3 2 transporters, Gadfly's ghost, amateur OgMo
D:4 2 transporters


Innate Abilities, Weirdness & Mutations

You have a pair of small antennae on your head.
You tend to lose your temper in combat.
Your body sometimes deteriorates upon taking damage.


Message History

There is a stone staircase leading down here.
Casting: Searing Ray (safe; 1% risk of failure)
Confirm with . or Enter, or press ? or * to list all spells.
You erupt in a blast of force!
The mystic blast hits the hornet!
The hornet is moderately wounded.
The hornet is knocked back by the mystic blast.
The hornet slams into the rock wall!
The mystic blast hits the gnoll.
The gnoll is heavily wounded.
The gnoll is knocked back by the mystic blast.
The gnoll slams into the rock wall!
The mystic blast hits the gnoll!
The gnoll is severely wounded.
The gnoll is knocked back by the mystic blast.
The mystic blast hits the centaur!
The centaur is heavily wounded.
The centaur is knocked back by the mystic blast.
You feel sick.
The centaur wields a +0 shortbow.
The centaur shoots an arrow.
The arrow hits you!
* * * LOW HITPOINT WARNING * * *
The hornet stings you!
You die...

#.# ##. #.# #### #.
#.# ###..# ## #.#
###....## #. #.##
##.......# ##.
#.g###........###..
#).##.........##..#
#y.##..........#..#
#g@##............##
##)###............#
#.# #......#####..
#c####....##...##.
#..# ##..)#.#.#.#.
#..####..)..#}#...
#.......))#.#.#.#.
##........)##...##.
##..#######()#####..


You could see a hornet, a centaur and 2 gnolls.

Vanquished Creatures
  Sigmund (D:4)
  A water moccasin (D:7)
  3 sky beasts
  An orc warrior (D:7)
  3 phantoms
  An ogre (D:6)
  A centaur (D:5)
  A big kobold (D:7)
  2 bullfrogs
  A scorpion (D:7)
  A howler monkey (D:6)
  An orc priest (D:3)
  A jelly (D:7)
  3 orc wizards
  A bullfrog skeleton (D:4)
  Ijyb (D:3)
  An iguana (D:6)
  6 worker ants
  A hound skeleton (D:5)
  A hound zombie (D:4)
  Robin (D:3)
  9 gnolls
  4 adders
  A howler monkey skeleton (D:5)
  2 ufetubi
  An ooze (D:1)
  2 adder zombies (D:6)
  3 adder skeletons
  A worm (D:3)
  2 dart slugs
  6 leopard geckos
  12 orcs
  9 bats
  2 giant cockroaches
  16 goblins
  14 hobgoblins
  22 jackals
  5 quokkas
  4 frilled lizards
  A giant cockroach zombie (D:4)
  13 kobolds
  A leopard gecko zombie (D:4)
  A quokka skeleton (D:7)
  7 rats
171 creatures vanquished.

Notes
Turn   | Place    | Note
-------+----------+-------------------------------------------
     0 | D:1      | hawla the Deep Elf Conjurer began the quest for the Orb.
     0 | D:1      | Reached XP level 1. HP: 10/10 MP: 6/6
   164 | D:1      | Reached XP level 2. HP: 15/15 MP: 4/8
   273 | D:1      | Learned a level 2 spell: Searing Ray
   447 | D:1      | Reached skill level 1 in Fire Magic
   682 | D:1      | Reached XP level 3. HP: 19/19 MP: 6/10
  1142 | D:1      | Reached skill level 5 in Conjurations
  2087 | D:3      | Noticed Robin
  2091 | D:3      | Noticed a bullfrog
  2096 | D:3      | Reached XP level 4. HP: 17/24 MP: 7/12
  2099 | D:3      | Killed Robin
  2099 | D:3      | Noticed Gadfly's ghost (amateur OgMo)
  2451 | D:3      | Noticed Sigmund
  2473 | D:3      | Found a transporter.
  2477 | D:3      | Found a transporter.
  2879 | D:2      | Learned a level 4 spell: Iskenderun's Mystic Blast
  3213 | D:3      | Reached XP level 5. HP: 28/28 MP: 7/13
  3894 | D:3      | Reached skill level 1 in Translocations
  3979 | D:3      | Noticed Ijyb
  3980 | D:3      | Paralysed by Ijyb for 4 turns
  3987 | D:3      | Killed Ijyb
  4066 | D:3      | Reached skill level 1 in Staves
  4311 | D:4      | Killed Sigmund
  4312 | D:4      | Reached skill level 5 in Spellcasting
  4312 | D:4      | Reached XP level 6. HP: 30/32 MP: 11/15
  4699 | D:4      | Found Arphein's Magic Scroll Emporium.
  4707 | D:4      | Bought a scroll of teleportation for 33 gold pieces
  4707 | D:4      | Bought a scroll of teleportation for 33 gold pieces
  4707 | D:4      | Bought a scroll of amnesia for 38 gold pieces
  4808 | D:4      | Found a broken altar of Ashenzari.
  4901 | D:4      | Found a transporter.
  5093 | D:4      | Found a transporter.
  5246 | D:4      | Found a staircase to the Ecumenical Temple.
  5269 | Temple   | Entered the Ecumenical Temple
  5465 | Temple   | Became a worshipper of Vehumet
  5514 | D:5      | Entered Level 5 of the Dungeon
  5549 | D:5      | Reached XP level 7. HP: 17/36 MP: 14/17
  5783 | D:5      | Found a stormy altar of Qazlal.
  6609 | D:6      | Gained mutation: You tend to lose your temper in combat.
                  | [potion of mutation]
  6609 | D:6      | Gained mutation: You are partially covered in icy blue
                  | scales. (AC +2) [potion of mutation]
  6610 | D:6      | Lost mutation: You tend to lose your temper in combat.
                  | [potion of mutation]
  6610 | D:6      | Lost mutation: You are partially covered in icy blue
                  | scales. (AC +2) [potion of mutation]
  6610 | D:6      | Gained mutation: Your body sometimes deteriorates upon
                  | taking damage. [potion of mutation]
  6610 | D:6      | Gained mutation: You tend to lose your temper in combat.
                  | [potion of mutation]
  6610 | D:6      | Gained mutation: You have a pair of small antennae on your
                  | head. [potion of mutation]
  6760 | D:6      | Reached XP level 8. HP: 36/41 MP: 15/20
  7297 | D:6      | Reached skill level 5 in Fire Magic
  8087 | D:7      | Found a sparkling altar of Nemelex Xobeh.
  8213 | D:7      | Reached * piety under Vehumet
  8213 | D:7      | Offered knowledge of Foxfire by Vehumet.
  8331 | D:7      | Reached XP level 9. HP: 33/45 MP: 9/23
  8900 | D:8      | Paralysed by a hornet for 2 turns
  8903 | D:7      | HP: 2/45 [centaur/arrow (7)]
  8903 | D:7      | Mangled by a hornet

Illustrated notes

Levels and vault maps discovered:
D:1:      dpeg_arrival_more_subterranean_lakeside_camping, layout_basic
D:2:      layout_basic
D:3:      layout_loops_ring, gammafunk_ghost_arena, st_stairs_3, uniq_sigmund,
          uniq_robin, uniq_ijyb
D:4:      gammafunk_cloud_chamber, layout_cave_pools, kennysheep_mini_moat,
          minmay_temple_entry_nine_rooms, serial_undead, serial_undead_a,
          serial_undead_e, serial_undead_e, serial_undead_c, serial_shops, shop
D:5:      layout_loops_ring, nicolae_overflow_crystal_walls
D:6:      layout_cave_pods, minmay_pentangle
D:7:      layout_cave_pods, nemelex_xobeh_ov_fountains_minmay, minmay_checkerbox
D:8:      layout_cave_pools, nicolae_looking_at_the_future
Temple:   regret_index_temple_sphere_string

Skill      XL: |  1  2  3  4  5  6  7  8 |
---------------+-------------------------+-----
Fire Magic     | 1 2 3 4 6 |  6.5
Conjurations   | 5 6 7 8 |  8.6
Spellcasting   | 4 5 6 8 |  8.8
Translocations | 2 3 |  3.3
Staves         | 1 2 |  2.0
Fighting       | |  0.1
Throwing       | |  0.1
Dodging        | |  2.4
Stealth        | |  2.4
Shields        | |  0.1
Evocations     | |  0.1

Action                   |  1- 3 |  4- 6 |  7- 9 || total
-------------------------+-------+-------+-------++-------
Melee: Quarterstaff      |       |     5 |     1 ||     6
       Whip              |       |       |     7 ||     7
 Cast: Magic Dart        |    30 |    32 |    22 ||    84
       Searing Ray       |    24 |    29 |    35 ||    88
       Iskenderun's Myst |       |     4 |     7 ||    11
  Use: Scroll            |     6 |     3 |     7 ||    16
       Potion            |       |     4 |     2 ||     6
Armor: Robe              |     1 |       |    10 ||    11
Dodge: Dodged            |     6 |    25 |    25 ||    56
